AoeStats
← 小少少

Arabia

507628336Analyzed
1v1 RM · 13d ago on Sep 19, 2026· 42m 11s· 2 players
Game mode
Random Map
Map size
Tiny (2 player)
Population
200
Speed
Normal
Resources
Standard
Victory
Conquest
Starting age
Dark Age
Ending age
Imperial Age
RankedLock teamsTeams togetherTeam positionsShared explorationLock speedFull tech treeHidden civsTurbo modeCheats
Victory
Defeat
🇺🇾 Aztecs · Uruguay
2137
+24
🇹🇼 Inca · Taiwan
2334
-24
Nacional
8:08 Loom
8:54 Loom
11:07 Feudal Age
11:55 Double-Bit Axe
12:30 Fletching
12:15 Man-at-Arms
20:29 Castle Age
19:01 Padded Archer Armor
18:44 Horse Collar
19:52 Gold Mining
20:31 Crossbowman
21:15 Bodkin Arrow
21:57 Wheelbarrow
21:18 Town Watch
22:45 Ballistics
24:11 Bow Saw
28:03 Heavy Plow
37:03 Imperial Age
36:14 Leather Archer Armor
37:26 Hand Cart
37:15 Arbalester
38:05 Bracer
40:12 Scale Mail Armor
40:22 Forging
39:39 Elite Skirmisher
41:29 Chemistry
42:07 Chain Mail Armor
小少少
5:11 Loom
8:54 Feudal Age
9:33 Double-Bit Axe
13:37 Fletching
20:18 Castle Age
18:21 Horse Collar
18:55 Gold Mining
20:21 Crossbowman
20:56 Bodkin Arrow
21:25 Bow Saw
21:47 Padded Archer Armor
22:33 Ballistics
25:08 Wheelbarrow
24:19 Town Watch
31:32 Hand Cart
32:11 Stone Mining
35:00 Gold Shaft Mining
33:56 Elite Skirmisher
38:08 Imperial Age
37:39 Leather Archer Armor
38:54 Andean Sling
39:06 Bracer
40:22 Ring Archer Armor
Connection lost

Rejoining the realm…

Still unreachable

The connection could not be restored.

Session expired

The server has moved on; the page needs a fresh start.